 Dungeon Crawl Stone Soup version 0.17-a0-1900-g45e8110 (webtiles) character file.

763 erloom the Insei (level 7, 64/64 HPs)
             Began as a Minotaur Monk on Sept 11, 2015.
             Was a Believer of Cheibriados.
             Quit the game on level 4 of the Dungeon on Apr 2, 2017.
             The game lasted 00:16:30 (4321 turns).

erloom the Insei (Minotaur Monk)                    Turns: 4321, Time: 00:16:31

Health: 64/64      AC:  4    Str: 19    XL:     7   Next: 51%
Magic:  6/6        EV: 16    Int: 11    God:    Cheibriados [**....]
Gold:   210        SH:  0    Dex: 19    Spells: 0 memorised, 6 levels left

rFire  . . .     SeeInvis .       - Unarmed
rCold  . . .     Clarity  .     q - +0 leather armour
rNeg   . . .     SustAt   .     (no shield)
rPois  .         Gourm    .     (helmet restricted)
rElec  .         Spirit   .     u - +0 cloak (curse)
rCorr  .         Warding  .     (no gloves)
rMut   .         Stasis   .     (no boots)
MR     .....                    (no amulet)
Stlth  ++........               (no ring)
                                (no ring)

@: very slow, not resistant to hostile enchantments, unstealthy
A: retaliatory headbutt, horns 2
a: Bend Time, Renounce Religion


You were on level 4 of the Dungeon.
You worshipped Cheibriados.
Cheibriados was pleased with you.
You were not hungry.

You visited 2 branches of the dungeon, and saw 5 of its levels.
You also visited: Sewer.

You collected 210 gold pieces.

Inventory:

Hand weapons
 y - a +0 hunting sling
 C - a +0 blowgun
Missiles
 p - 91 stones (quivered)
 B - 19 poisoned needles
Armour
 a - a +0 robe
 g - a +0 cloak
 q - a +0 leather armour (worn)
 u - a cursed +0 cloak (worn)
Scrolls
 c - 4 scrolls of identify {unknown}
 d - a scroll of noise {unknown}
 e - 2 scrolls of fog {unknown}
 h - a scroll of random uselessness {unknown}
 i - 3 scrolls of teleportation {unknown}
 j - 2 scrolls of magic mapping {unknown}
 n - 3 scrolls of remove curse {unknown}
 v - a scroll of enchant armour {unknown}
 A - a scroll of blinking {unknown}
 D - a scroll of immolation {unknown}
Potions
 k - 2 potions of curing {unknown}
 l - a potion of cancellation {unknown}
 o - 2 potions of might {unknown}
 r - a potion of poison {unknown}
 s - a potion of lignification {unknown}
 t - a potion of brilliance {unknown}
 w - 2 potions of ambrosia {unknown}
 z - a potion of heal wounds {unknown}
Comestibles
 b - 2 bread rations
 f - 5 meat rations
 m - a slice of pizza
 x - 3 chunks of flesh


   Skills:
 + Level 6.4 Fighting
 - Level 1.0 Armour
 + Level 6.0 Dodging
 - Level 1.5 Stealth
 + Level 7.3 Unarmed Combat


You had 6 spell levels left.
You didn't know any spells.

Dungeon Overview and Level Annotations

Branches:
Dungeon (4/15)             Temple (1/1) D:4

Altars:
Cheibriados
Elyvilon
Fedhas
Makhleb
Nemelex Xobeh
Vehumet
Xom
Yredelemnul
Zin


Innate Abilities, Weirdness & Mutations

You reflexively headbutt those who attack you in melee.
You have a pair of horns on your head.


Message History

Your Dodging skill increases to level 6!
No target in view!
No target in view!
You see here a quokka corpse.
You now have 195 gold pieces (gained 12).
Found a glaive.
You see here a dagger.
You see here a dagger.
HP restored.
Found a hunting sling.
You now have 210 gold pieces (gained 15).
You see here a hunting sling.
An adder skeleton comes into view.
Are you sure you want to abandon this character and quit the game? (Confirm with "yes".)
Okay, then.
Saving game... please wait.
Welcome back, erloom the Minotaur Monk.
Cheibriados says: Take it easy.
Press ? for a list of commands and other information.
Are you sure you want to abandon this character and quit the game? (Confirm with "yes".)

#.# .. #.#
.. #. # #.#
. #. #.#.#.#
#.# Z#.#.
#.# ... #.#
#.# #.# #@#
#.##.# #)#
#######.##.)
#.#
#....##.####
#.#
#....##.#
#.#
#....##.#
#.#
#....##.#
#.#
#.)..##.#
#.#
#....##.#
#.#
##....##)#


You could see an adder skeleton (dormant).

Vanquished Creatures
  The ghost of orochimarko the Vandal, an average HaHu of the Shining One (D:3)
  3 big kobolds (Sewer)
  A giant frog (D:4)
  An orc priest (D:3)
  An iguana (D:3)
  An orc wizard (D:4)
  Natasha (thrice) (D:2)
  A worker ant (D:4)
  A hound skeleton (D:4)
  8 adders
  2 river rats (Sewer)
  5 oozes (Sewer)
  9 worms
  A giant gecko (D:3)
  13 orcs
  3 ball pythons
  10 bats
  A bat skeleton (D:2)
  5 giant cockroaches
  6 goblins
  12 hobgoblins
  7 jackals (D:1)
  4 giant newts
  23 kobolds
  4 quokkas
  17 rats
143 creatures vanquished.

Notes
Turn   | Place    | Note
--------------------------------------------------------------
     0 | D:1      | erloom the Minotaur Monk began the quest for the Orb.
     0 | D:1      | Reached XP level 1. HP: 19/19 MP: 0/0
   134 | D:1      | Reached XP level 2. HP: 22/27 MP: 1/1
   422 | D:1      | Reached skill level 5 in Unarmed Combat
   451 | D:1      | Reached XP level 3. HP: 26/33 MP: 2/2
   862 | D:2      | Found a sparkling altar of Nemelex Xobeh.
   939 | D:2      | Found a basalt altar of Yredelemnul.
  1064 | D:2      | Found a burning altar of Makhleb.
  1065 | D:2      | Found a radiant altar of Vehumet.
  1192 | D:2      | Found a faded altar to an unknown god.
  1321 | D:2      | Reached XP level 4. HP: 39/41 MP: 3/3
  1372 | D:2      | Noticed Natasha
  1403 | D:2      | Killed Natasha
  1582 | D:2      | Noticed Natasha
  1590 | D:2      | Killed Natasha
  1590 | D:2      | Reached skill level 1 in Armour
  1743 | D:2      | Found a glowing silver altar of Zin.
  1829 | D:2      | Noticed Natasha
  1833 | D:2      | Killed Natasha
  1984 | D:3      | Reached XP level 5. HP: 42/47 MP: 4/4
  2003 | D:3      | Found a glowing drain.
  2030 | D:3      | Reached skill level 5 in Fighting
  2043 | Sewer    | Entered a sewer
  2699 | Sewer    | Reached skill level 6 in Unarmed Combat
  2699 | Sewer    | Reached XP level 6. HP: 56/56 MP: 5/5
  2780 | Sewer    | Reached skill level 5 in Dodging
  3095 | D:3      | Noticed orochimarko's ghost (average HaHu)
  3397 | D:3      | Reached XP level 7. HP: 42/63 MP: 6/6
  3843 | D:3      | Killed orochimarko's ghost
  3919 | D:4      | Reached skill level 7 in Unarmed Combat
  4080 | D:4      | Upgraded the game from 0.17-a0-1804-gf6433eb to 0.17-a0-1830-g81820eb
  4082 | D:4      | Upgraded the game from 0.17-a0-1830-g81820eb to 0.17-a0-1900-g45e8110
  4199 | D:4      | Found a staircase to the Ecumenical Temple.
  4211 | Temple   | Entered the Ecumenical Temple
  4258 | Temple   | Became a worshipper of Cheibriados the Contemplative
  4258 | Temple   | Acquired Cheibriados's first power
  4321 | D:4      | Quit the game

Vault maps used:
D:1:      matt_arrival_los_fun
D:2:      gammafunk_temple_overflow_statue, lemuel_round_altar,
          lemuel_crystal_altar, nemelex_xobeh_ov_fountains_minmay,
          serial_undead, serial_undead_d, serial_undead_b, serial_undead_f,
          serial_undead_e, ecumenical_altar_2, uniq_natasha
D:3:      portal_sewer_entry_a, hangedman_glass_teeth
D:4:      gammafunk_temple_overflow_wave, minmay_temple_entry_purple_smoke,
          moated_statue
Temple:   circular_temple_6
Sewer:    sewer_co_tree

Action                   |  1- 3 |  4- 6 |  7- 9 || total
-------------------------+-------+-------+-------++-------
Melee: Unarmed           |   136 |   229 |    62 ||   427
 Stab: Sleeping          |     3 |       |     1 ||     4
  Eat: Chunk             |     1 |     7 |     4 ||    12
